 Dungeon Crawl Stone Soup version 0.17-a0-1701-gf693a3f (webtiles) character file.

39 urechis the Chiller (level 3, -4/24 HPs)
             Began as a Merfolk Ice Elementalist on Aug 21, 2015.
             Slain by a gnoll
             ... wielding a cursed +0 flail
              (16 damage)
             ... on level 2 of the Dungeon.
             The game lasted 00:02:01 (1165 turns).

urechis the Chiller (Merfolk Ice Elementalist)      Turns: 1165, Time: 00:02:01

Health: -4/24      AC:  2    Str:  9    XL:     3   Next: 47%
Magic:  0/7        EV: 13    Int: 14    God:
Gold:   69         SH:  0    Dex: 14    Spells: 1 memorised, 6 levels left

rFire  . . .     SeeInvis .     h - +0 whip
rCold  . . .     Clarity  .     a - +0 robe
rNeg   . . .     SustAt   .     (no shield)
rPois  +         Gourm    .     (no helmet)
rElec  .         Spirit   .     (no cloak)
rCorr  .         Warding  .     (no gloves)
rMut   .         Stasis   .     (no boots)
MR     .....                    (no amulet)
Stlth  ++........               (no ring)
                                g - ring of poison resistance

@: very slightly contaminated, not resistant to hostile enchantments, unstealthy
A: change form in water, swift swim
a: no special abilities


You were on level 2 of the Dungeon.
You were very hungry.

You visited 1 branch of the dungeon, and saw 2 of its levels.

You collected 69 gold pieces.

Inventory:

Hand weapons
 h - a +0 whip (weapon)
Armour
 a - a +0 robe (worn)
Jewellery
 g - a ring of poison resistance (left hand)
Scrolls
 e - a scroll of amnesia {unknown}
 f - 2 scrolls of teleportation {unknown}
 i - a scroll of enchant weapon {unknown}
 j - a scroll of fog {unknown}
 l - a scroll of identify {unknown}
 m - a scroll of fear {unknown}
 o - a scroll of recharging {unknown}
Potions
 d - a potion of flight {unknown}
 k - a potion of agility {unknown}
Books
 b - a book of Frost

   Spells                             Type                      Level
   a - Freeze                         Ice                          1
   b - Throw Frost                    Conjuration/Ice              2
   c - Ozocubu's Armour               Charms/Ice                   3
   d - Throw Icicle                   Conjuration/Ice              4
   e - Summon Ice Beast               Ice/Summoning                4
   f - Condensation Shield            Ice                          4
Comestibles
 c - 2 bread rations
 n - a royal jelly


   Skills:
 - Level 2.6 Dodging
 - Level 2.1 Stealth
 + Level 2.7 Spellcasting
   Level 0.7 Conjurations
 + Level 4.2 Ice Magic


You had 6 spell levels left.
You knew the following spells:

 Your Spells              Type           Power        Failure   Level  Hunger
a - Freeze                Ice            ##..         4%          1    #......


Dungeon Overview and Level Annotations

Branches:
Dungeon (2/15)

Altars:
Ashenzari


Message History

Confirm with . or Enter, or press ? or * to list all spells.
Aiming: Freeze
Press: ? - help, Shift-Dir - straight line, f/p - gnoll
Aim: a gnoll, wielding a flail (severely wounded)
You freeze the gnoll.
The gnoll is almost dead.
The gnoll closely misses you.
Casting: Freeze
Confirm with . or Enter, or press ? or * to list all spells.
You don't have enough magic to cast that spell.
Casting: Freeze
Confirm with . or Enter, or press ? or * to list all spells.
Aiming: Freeze
Press: ? - help, Shift-Dir - straight line, f/p - gnoll
Aim: a gnoll, wielding a flail (almost dead)
You miscast Freeze.
You are very lightly contaminated with residual magic.
Nothing appears to happen.
The gnoll hits you with a flail!
Ouch! That really hurt!
You die...

# #..<..#....##. #.
#.....#.......
.#..##.....+ .....
###### ..........# ....
#....# ......†...#####
#.. #.##.#
.....w........#
#..###.##.#
..............#
#..<......#
..............#
###.#..####
..........g@### ###.#..#
..............#
#......#####
#.#....#......#
#.#.#.......
#.+...........#
#.#.......#.
#...........#
#.##..###.#.
#...........# #.....#
#.#. #...#.....###..#..#
#.#. .
#..........#......###.#.
..
#...#.#.......[.........


You could see a worm and a gnoll.

Vanquished Creatures
  A gnoll (D:2)
  An adder (D:2)
  3 giant cockroaches
  3 goblins
  4 hobgoblins (D:1)
  A ball python (D:1)
  2 bats
  3 giant newts (D:1)
  3 kobolds (D:1)
  4 rats (D:1)
25 creatures vanquished.

Notes
Turn   | Place    | Note
--------------------------------------------------------------
     0 | D:1      | urechis the Merfolk Ice Elementalist began the quest for the Orb.
     0 | D:1      | Reached XP level 1. HP: 13/13 MP: 3/3
   177 | D:1      | Reached XP level 2. HP: 4/19 MP: 0/5
   466 | D:1      | Found a shattered altar of Ashenzari.
  1075 | D:2      | Reached skill level 4 in Ice Magic
  1112 | D:2      | Reached XP level 3. HP: 24/24 MP: 2/6
  1165 | D:2      | Slain by a gnoll

Vault maps used:
D:1:      roderic_crossed_star, ashenzari_altar_1
D:2:      grunt_gozag_breadcrumbs

Action                   || total
-------------------------++-------
Melee: Whip              ||     7
 Cast: Freeze            ||    38
